 Dungeon Crawl Stone Soup version 0.32-a0-768-g0f6f1dd4b9 (webtiles) character file.

Game seed: 12508266843634391189

8 Leszczynek the Apothecary (level 2, 0/28 HPs)
             Began as an Oni Alchemist on Mar 18, 2024.
             Slain by a jackal (1 damage)
             ... on level 1 of the Dungeon.
             The game lasted 00:02:15 (74 turns).

Leszczynek the Apothecary (Oni Alchemist)             Turns: 74, Time: 00:02:15

Health: 0/28       AC:  3    Str: 10 (11) XL:     2   Next: 8%
Magic:  0/5        EV:  8    Int: 14 (16) God:
Gold:   0          SH:  0    Dex:  8 (9)  Spells: 4/5 levels left

rFire   . . .        (no weapon)
rCold   . . .        (no shield)
rNeg    . . .        a - +0 robe
rPois   .            (helmet restricted)
rElec   .            (no cloak)
rCorr   .            (gloves unavailable)
SInv    .            (boots unavailable)
Will    .....        (no amulet)
Stlth   +            (no ring)
HPRegen 0.24/turn    (no ring)
MPRegen 0.09/turn

%: no passive effects
@: no status effects
A: large, unfitting armour, horns 1, tough skin 1, double potion healing,
drunken brawling
a: no special abilities


You were on level 1 of the Dungeon.
You visited 1 branch of the dungeon, and saw 1 of its levels.

Inventory:

Missiles
 d - 2 javelins
Armour
 a - a +0 robe (worn)


   Skills:
 + Level 2.3 Fighting
 - Level 1.7 Dodging
 - Level 1.4 Stealth
 - Level 2.4 Spellcasting
 - Level 0.8 Conjurations
 - Level 2.6 Alchemy


You had 4 spell levels left.
You knew the following spells:

 Your Spells              Type           Power      Damage    Failure   Level
a - Sting                 Conj/Alch      24%        1d4       11%         1

Your spell library contained the following spells:

 Spells                   Type           Power      Damage    Failure   Level
 Mercury Vapours          Alch/Air       10%        N/A       21%         2
 Mephitic Cloud           Conj/Alch/Air  4%         N/A       38%         3
 Olgreb's Toxic Radiance  Alch           9%         N/A       58%         4
 Sticky Flame             Fire/Alch      5%         2d4       78%         4


Dungeon Overview and Level Annotations

Branches:
Dungeon (1/15)

Altars:

Shops:
D:1 (


Innate Abilities, Weirdness & Mutations

You are too large for most types of armour.
You have a pair of small horns on your head.
You have tough skin. (AC +1)
You gain doubled healing and magic from potions.
Whenever you drink a healing potion, you attack all around you.


Message History

You closely miss the jackal.
The jackal is heavily wounded.
The jackal bites you.
The jackal bites you but does no damage.
Unknown command.
You barely miss the jackal.
The jackal is severely wounded.
You kill the jackal!
The jackal completely misses you. The jackal bites you.
* * * LOW HITPOINT WARNING * * *
Unknown command.
Casting: Sting (safe; 11% risk of failure)
Confirm with . or Enter, or press ? or * to list all spells.
Aiming: Sting (safe; 11% risk of failure)
Press: ? - help, Shift-Dir - straight line, f - jackal
Aim: a jackal (60% to hit)
The sting hits the jackal.
The jackal is poisoned.
The jackal is heavily wounded.
The jackal barely misses you. The kobold barely misses you.
The jackal closely misses you.
Unknown command.
You barely miss the jackal.
The jackal is almost dead.
The jackal bites you but does no damage.
The jackal bites you.
* * * LOW HITPOINT WARNING * * *
The kobold barely misses you.
The jackal bites you but does no damage.
Unknown command.
Unknown command.
You aren't carrying any potions.
You aren't carrying any scrolls.
Unknown command.
Casting: Sting (safe; 11% risk of failure)
Confirm with . or Enter, or press ? or * to list all spells.
You don't have enough magic to cast this spell.
You hit the jackal but do no damage. The jackal bites you.
* * * LOW HITPOINT WARNING * * *
The kobold barely misses you. The jackal bites you.
You die...

###S...†......
#......K......
#.#.w##.......
#g#..##.......
#K#...........
#.............
#.......##....
#####.#.....##....
#@hg..............
#hKw..............
#.................
###########.......
.....##.. ######
#.# .... .....
..##.#


You could see a dart slug, 2 jackals, a goblin and a kobold.

Vanquished Creatures
  A ball python (D:1)
  A bat (D:1)
  3 jackals (D:1)
  A quokka (D:1)
6 creatures vanquished.

Notes
Turn   | Place    | Note
-------+----------+-------------------------------------------
     0 | D:1      | Leszczynek the Oni Alchemist began the quest for the Orb.
     0 | D:1      | Reached XP level 1. HP: 16/16 MP: 3/3
     0 | D:1      | aaaah
     0 | D:1      | i'm too sleepy to pay attention
     0 | D:1      | rip another character
     0 | D:1      | i'm cultivating a goddamn oni graveyard
     7 | D:1      | still not making a caster out of this
    15 | D:1      | Found Gunuckenko's Antique Weapon Shoppe.
    38 | D:1      | Reached skill level 1 in Fighting
    44 | D:1      | ...
    44 | D:1      | dude
    68 | D:1      | Reached skill level 2 in Fighting
    68 | D:1      | Reached XP level 2. HP: 13/28 MP: 1/5
    73 | D:1      | HP: 3/28 [jackal (3)]
    74 | D:1      | HP: 1/28 [jackal (2)]
    74 | D:1      | Slain by a jackal

Illustrated notes ....... ...... .......##...... #............# ##............# ............... ............... ........>...... .......@....... ............... ............... ##............# #...!........# .......##...... ....... ...... ....... ...... Turn 0 on D:1: aaaah ................. ................. #.........>...... #........<....... ................. ................. . .##............# ....##............# .......@...##...... ...........# ...... ............(...... ###............... .....##..#####.## ###### #.## ... ... Turn 7 on D:1: still not making a caster out of this

######### #.......#
##########........
#.........S...w...
#.........##......
#...rK..†.##h.....
....##hh.....h....#
....##@g..........#
....................
....................
..##.........>........#
##........<.........#
....................
...................
....##............# ..
....##............##...


Turn 44 on D:1: ...

Levels and vault maps discovered:
D:1:      dpeg_arrival_stonehenge_8_columns, layout_rooms,
          shapermc_ecumenical_altar_venn, serial_shops,
          nicolae_shop_tiny_statue_garden

Skill      XL: |  1 |
---------------+----+-----
Fighting       | 2 |  2.3
Dodging        | |  1.7
Stealth        | |  1.4
Spellcasting   | |  2.4
Conjurations   | |  0.8
Alchemy        | |  2.6

Action                     || total
---------------------------++-------
  Melee: Unarmed           ||     4
   Cast: Sting             ||    10
    Use: Potion            ||     2
 Armour: Robe              ||    33
  Dodge: Dodged            ||    30

Table legend: (Time is in decaauts)
 A = Elapsed time spent in this place.
 B = Non-inter-level travel time spent in this place.
 C = Inter-level travel time spent in this place.
 D = Time resting spent in this place.
 E = Time spent auto-exploring this place.
 F = Levels seen in this place.
 G = Mean time per level.
                   A        B        C        D        E       F      G
               +--------+--------+--------+--------+--------+-----+--------+
         Total |     74 |     74 |      0 |      0 |      0 |   1 |   74.0 |
       Dungeon |     74 |     74 |      0 |      0 |      0 |   1 |   74.0 |
               +--------+--------+--------+--------+--------+-----+--------+

Top non-repeatable levels by time:
     D:1: 74 daAuts
